 Dungeon Crawl Stone Soup version 0.30-a0-360-g447f08457e (webtiles) character file.

Game seed: 7910698245776897102

43916 tilp the Dealer of Despair (level 13, -3/101 HPs)
             Began as a Mummy Necromancer on Nov 13, 2022.
             Was an Elder of Kikubaaqudgha.
             Killed by divine providence
             ... invoked by an orc priest
              (10 damage)
             ... on level 1 of the Orcish Mines.
             The game lasted 00:34:53 (19127 turns).

tilp the Dealer of Despair (Mummy Necromancer)     Turns: 19127, Time: 00:34:54

Health: -3/101     AC: 16    Str: 19    XL:     13   Next: 93%
Magic:  6/27       EV: 16    Int: 19    God:    Kikubaaqudgha [****..]
Gold:   343        SH:  5    Dex: 20    Spells: 9/33 levels left

rFire   . . .      SeeInvis +    a - +9 whip "Qudab" {protect, *Corrode Str+8 Dex+7}
rCold   + . .      Faith    +    (no shield)
rNeg    + + +      Spirit   .    H - +0 troll leather armour
rPois   ∞          Reflect  +    d - +2 hat {SInv}
rElec   .          Harm     .    h - +2 cloak
rCorr   .          Rampage  .    (no gloves)
Will    +....                    G - +2 pair of boots
Stlth   +++.......               B - amulet of reflection
HPRegen 1.16/turn                z - +4 ring of protection
MPRegen 0.20/turn                C - ring of protection from fire

@: spiked
A: cold resistance 1, negative energy resistance 3, torment resistance 2, heat
vulnerability 1, in touch with death 2, no potions, faith
a: Renounce Religion, Unearth Wretches


You were on level 1 of the Orcish Mines.
You worshipped Kikubaaqudgha.
Kikubaaqudgha was greatly pleased with you.
You visited 4 branches of the dungeon, and saw 17 of its levels.
You also visited: Sewer and Gauntlet.

You collected 1014 gold pieces.
You spent 671 gold pieces at shops.

Inventory:

Hand Weapons
 a - the +9 whip "Qudab" (weapon) {protect, *Corrode Str+8 Dex+7}
   (You found it on level 2 of the Dungeon)

   It grants its wielder temporary protection when it strikes (+7 to AC).
   Str:       It affects your strength (+8).
   Dex:       It affects your dexterity (+7).
   *Corrode:  It may corrode you when you take damage.
 b - the +7 war axe "Reank" {pain, rN++ Will+ Str+3 Dex-5}
   (You found it on level 7 of the Dungeon)

   In the hands of one skilled in necromantic magic, it inflicts extra damage on
   living creatures.
   Str:       It affects your strength (+3).
   Dex:       It affects your dexterity (-5).
   rN:        It greatly protects you from negative energy.
   Will:      It increases your willpower.
 l - a +6 trident of freezing
 S - a +0 lajatang
Missiles
 g - 12 javelins
 m - 28 poisoned darts (quivered)
 n - a curare-tipped dart
 q - 9 atropa-tipped darts
 u - 9 boomerangs
 v - 2 throwing nets
 E - a silver boomerang
Armour
 c - a +0 helmet
 d - a +2 hat of see invisible (worn)
 e - the +0 pair of gloves of Resonance {rC+}
   (You found it in a Gauntlet)

   rC:        It protects you from cold.
 h - a +2 cloak (worn)
 G - a +2 pair of boots (worn)
 H - a +0 troll leather armour (worn)
 N - a scarf of resistance
Magical Staves
 w - a staff of death
Jewellery
 j - a +4 ring of evasion
 x - a ring of willpower
 z - a +4 ring of protection (left hand)
 B - an amulet of reflection (around neck)
 C - a ring of protection from fire (right hand)
 U - a +6 ring of dexterity
Wands
 y - a wand of iceblast (7)
 F - a wand of mindburst (4)
 K - a wand of flame (21)
 Q - a wand of acid (2)
 R - a wand of polymorph (7)
 V - a wand of paralysis (5)
Scrolls
 f - 2 scrolls of vulnerability
 i - 2 scrolls of silence
 k - 2 scrolls of amnesia
 o - 2 scrolls of magic mapping
 p - 2 scrolls of poison
 r - a scroll of immolation
 s - 6 scrolls of fear
 t - 9 scrolls of teleportation
 A - a scroll of brand weapon {unknown}
 D - a scroll of enchant weapon {unknown}
 L - 2 scrolls of butterflies {unknown}
 O - a scroll of torment {unknown}
 P - a scroll of summoning {unknown}
 T - a scroll of enchant armour


   Skills:
 + Level 9.3 Fighting
 + Level 5.5 Maces & Flails
 + Level 3.5 Armour
 + Level 7.1 Dodging
 - Level 6.0 Stealth
 + Level 10.5 Spellcasting
 + Level 7.4 Hexes
 * Level 13.5 Necromancy
 + Level 5.5 Evocations


You had 9 spell levels left.
You knew the following spells:

 Your Spells              Type           Power      Damage    Failure   Level
a - Necrotise             Necr           100%       1d9       1%          1
b - Vampiric Draining     Necr           95%        2d12      1%          3
c - Animate Dead          Necr           95%        N/A       1%          4
d - Anguish               Hex/Necr       42%        N/A       1%          4
e - Cigotuvi's Dreadful   Necr/Pois/Air  100%       N/A       1%          2
f - Dispel Undead         Necr           95%        3d30      1%          4
g - Death Channel         Necr           47%        N/A       4%          6

Your spell library contained the following spells:

 Spells                   Type           Power      Damage    Failure   Level
 Slow                     Hex            100%       N/A       1%          1
 Confusing Touch          Hex            38%        N/A       1%          3
 Tukima's Dance           Hex            38%        N/A       1%          3
 Agony                    Necr           95%        N/A       1%          5
 Ensorcelled Hibernation  Hex/Ice        48%        N/A       2%          2
 Portal Projectile        Hex/Tloc       48%        N/A       5%          3
 Passwall                 Tmut/Erth      8%         N/A       12%         2
 Scorch                   Fire           20%        2d6       12%         2
 Gell's Gravitas          Tloc           10%        N/A       24%         3
 Hailstorm                Conj/Ice       10%        3d5       24%         3
 Swiftness                Air            10%        N/A       24%         3
 Teleport Other           Tloc           10%        N/A       24%         3
 Metabolic Englaciation   Hex/Ice        12%        N/A       43%         5
 Simulacrum               Ice/Necr       34%        N/A       61%         6
 Flame Wave               Conj/Fire      10%        2d6       63%         4
 Petrify                  Tmut/Erth      10%        N/A       63%         4
 Infestation              Necr           47%        N/A       90%         8
 Irradiate                Conj/Tmut      5%         3d13      92%         5
 Haunt                    Necr/Summ      34%        N/A       99%         7
 Dispersal                Tloc           5%         N/A       100%        6
 Summon Cactus Giant      Summ           5%         N/A       100%        6
 Summon Hydra             Summ           5%         N/A       100%        7
 Sublimation of Blood     Necr           Unusable   N/A       N/A         2
 Wereblood                Tmut           Unusable   N/A       N/A         2
 Ice Form                 Ice/Tmut       Unusable   N/A       N/A         4
 Blade Hands              Tmut           Unusable   N/A       N/A         5
 Statue Form              Tmut/Erth      Unusable   N/A       N/A         6
 Dragon Form              Tmut           Unusable   N/A       N/A         7

Dungeon Overview and Level Annotations

Branches:
Dungeon (11/15)            Temple (1/1) D:7            Lair (4/5) D:10
  Swamp (0/4) Lair:3        Snake (0/4) Lair:2        Slime (0/5) Lair:4
    Orc (1/2) D:9           Sewer (visited)         Gauntlet (visited)

Altars:
Ashenzari
Cheibriados
Dithmenos
Fedhas
Gozag
Hepliaklqana
Kikubaaqudgha
Makhleb
Nemelex Xobeh
Okawaru
Qazlal
Ru
Sif Muna
Trog
Uskayaw
Vehumet
Wu Jian
Xom
Yredelemnul

Shops:
D:2 *(=((


Innate Abilities, Weirdness & Mutations

You are immune to poison.
Your flesh is cold resistant. (rC+)
You are immune to negative energy. (rN+++)
You are immune to unholy pain and torment.
You are vulnerable to heat. (rF-)
You are strongly in touch with the powers of death.
You do not drink.
You have a special connection with the divine. (Faith)


Message History

Unknown command.
Unknown command.
Unknown command.
The orc warrior hits your troll zombie with a +0 mace.
The orc warrior is wracked by anguish.
Your troll zombie bites the orc warrior but does no damage.
Your troll zombie claws the orc warrior but does no damage.
Your troll zombie claws the orc warrior!
The orc warrior dies!
Kikubaaqudgha accepts your kill.
Unknown command.
Unknown command.
You swap places.
The barbed spikes dig painfully into your body as you move.
* * * LOW HITPOINT WARNING * * *
The orc priest calls down the wrath of Beogh upon you.
Beogh smites you!
* * * LOW HITPOINT WARNING * * *
The orc priest is wracked by anguish!
Your troll zombie bites the orc!
The orc dies!
Kikubaaqudgha accepts your kill.
Items here: )) [[ †.
Your troll zombie bites the orc wizard.
Your troll zombie claws the orc wizard.
Your troll zombie misses the orc wizard.
Unknown command.
Unknown command.
The orc wizard points at your troll zombie and mumbles some strange words.
The puff of flame hits your troll zombie!
The orc priest looks braver for a moment.
The orc throws a boomerang.
The boomerang closely misses the orc wizard.
The boomerang barely misses your troll zombie.
The boomerang hits your ogre zombie.
Unknown command.
Unknown command.
The orc wizard hits your troll zombie with a +0 dagger.
The orc priest calls down the wrath of Beogh upon you.
Beogh smites you!
You die...
Kikubaaqudgha rasps: "You have failed me!
Welcome... oblivion!"

#...Z..................
######.################
##)## #.))#
############)..#
...........#)..#
[........)Z#)).#
.........ZZZZZZ+
......)..).#Z@Z#
.........ZZ#ZZZ#
...........##Z##
.........####o#
.......###


ooo #...### .oo.§ ##'# ....... ......... ........... You could see an orc
warrior (ally target, anguished), 3 orc priests, an orc wizard (invisible,
distracted), an orc (ally target), a friendly warg zombie, a friendly orc
zombie, 3 friendly orc warrior zombies, 3 friendly orc wizard zombies, a
friendly orc warlord zombie, 2 friendly ogre zombies, a friendly troll zombie
and a friendly cyclops zombie.

Vanquished Creatures
  A minotaur (Gauntlet)
  3 two-headed ogres
  A death yak (Lair:4)
  An orc high priest (Orc:1)
  Amaemon (Lair:3)
  The ghost of Verendum the Martial Artist, a novice OpMo of the Shining One (D:7)
  2 cyclopes (D:11)
  3 elephants
  2 black mambas
  A gargoyle (D:11)
  4 cane toads
  A kobold demonologist (D:9)
  4 komodo dragons
  A troll (D:9)
  4 blink frogs
  A shadow (D:7)
  2 wyverns
  27 yaks
  A basilisk (Lair:2)
  A warg (Orc:1)
  2 vampire mosquitoes (D:10)
  3 acid dragons
  6 water moccasins
  5 orc warriors
  A black bear (D:5)
  An ice beast (D:5)
  5 sky beasts
  4 ogres
  19 wolves
  A centaur (D:11)
  2 kobold brigands
  2 small abominations (Gauntlet)
  6 bullfrogs
  A gnoll sergeant (D:9)
  A necrophage (D:5)
  4 scorpions
  7 wights
  7 electric eels
  4 howler monkeys
  6 hounds
  A jelly (D:7)
  3 orc priests
  2 iguanas
  8 orc wizards
  11 adders
  7 gnolls
  3 river rats
  A shadow imp (D:6)
  2 white imps (D:7)
  2 ufetubi (D:5)
  3 worms
  2 dart slugs (D:1)
  38 orcs
  6 endoplasms
  3 giant cockroaches
  7 goblins
  6 hobgoblins
  8 jackals
  4 quokkas
  13 ball pythons
  4 bats (D:1)
  4 frilled lizards
  26 kobolds
  26 rats
339 creatures vanquished.

Vanquished Creatures (collateral kills)
  A dire elephant (Lair:4)
  A hydra (Lair:4)
  A death drake (Gauntlet)
  A bog body (Lair:3)
  14 elephants
  A centaur zombie (Gauntlet)
  2 black mambas (Lair:2)
  A cane toad (Lair:4)
  4 komodo dragons
  An orange demon (Lair:3)
  11 blink frogs
  A spriggan (Lair:4)
  3 yaks (Lair:4)
  A warg (Orc:1)
  2 large abominations (Gauntlet)
  7 water moccasins
  7 orc warriors (Orc:1)
  An ogre (Orc:1)
  11 wolves
  4 bullfrogs
  2 small abominations (Gauntlet)
  An orc priest (Orc:1)
  A spectral boggart (Gauntlet)
  2 orc wizards (Orc:1)
  7 orcs (Orc:1)
  A frilled lizard (D:1)
  A kobold (D:1)
90 creatures vanquished.

Vanquished Creatures (others)
  An orc warlord (Orc:1)
  A hydra (Lair:2)
  A centaur warrior (Gauntlet)
  A death yak (Lair:4)
  An alligator (Gauntlet)
  2 boulder beetles
  A naga ritualist (Gauntlet)
  A deep elf archer (Gauntlet)
  A lindwurm (Lair:3)
  A cyclops (Orc:1)
  2 orc knights
  6 elephants
  A black mamba (Lair:3)
  A centaur zombie (Gauntlet)
  3 cane toads
  A torpor snail (Gauntlet)
  A rime drake (Lair:4)
  3 komodo dragons
  A death drake zombie (Gauntlet)
  A meliai (Gauntlet)
  2 trolls (Orc:1)
  A polar bear (Lair:4)
  A tyrant leech (Gauntlet)
  5 blink frogs
  A merfolk (Gauntlet)
  A dream sheep (Lair:3)
  A hornet (Lair:1)
  A meliai zombie (Gauntlet)
  A spriggan (Lair:1)
  7 yaks
  A wyvern (Lair:2)
  A basilisk (Lair:1)
  An acid dragon (D:11)
  A warg (Orc:1)
  An elf zombie (Gauntlet)
  A merfolk zombie (Gauntlet)
  6 water moccasins
  A cane toad zombie (Lair:1)
  8 orc warriors (Orc:1)
  A swamp drake (Gauntlet)
  A black bear (D:5)
  3 blink frog zombies (Lair:4)
  4 wolves
  A centaur (D:5)
  2 ogres (Orc:1)
  A torpor snail zombie (Gauntlet)
  A naga zombie (Gauntlet)
  2 bullfrogs
  A komodo dragon zombie (Lair:1)
  A gnoll sergeant (D:5)
  3 water moccasin zombies
  A warg zombie (Orc:1)
  5 yak zombies
  A troll zombie (Orc:1)
  A howler monkey (D:11)
  A wolf zombie (Lair:2)
  A bullfrog zombie (Lair:4)
  2 orc priests (Orc:1)
  A basilisk zombie (Lair:1)
  4 orc wizards
  A gnoll (D:5)
  A swamp drake zombie (Gauntlet)
  An ufetubus (D:5)
  3 orcs (Orc:1)
  A quokka (D:5)
  8 orc zombies (Orc:1)
  110 fungi
  105 plants
  26 withered plants (Gauntlet)
367 creatures vanquished.

Grand Total: 796 creatures vanquished

Notes
Turn   | Place    | Note
-------+----------+-------------------------------------------
     0 | D:1      | tilp the Mummy Necromancer began the quest for the Orb.
     0 | D:1      | Reached XP level 1. HP: 13/13 MP: 4/4
   164 | D:1      | Reached XP level 2. HP: 20/20 MP: 2/5
   177 | D:1      | Reached skill level 1 in Fighting
   683 | D:1      | Gained mutation: You are in touch with the powers of death.
                  | [Mummy growth]
   683 | D:1      | Reached XP level 3. HP: 26/26 MP: 1/7
   687 | D:1      | Learned a level 3 spell: Vampiric Draining
  1137 | D:2      | Found Kouxeita's Weapon Boutique.
  1224 | D:2      | Found Gaevvi's Antique Weapon Boutique.
  1506 | D:2      | Identified the +9 whip "Qudab" {protect, *Corrode Str+8
                  | Dex+7}
  1531 | D:2      | Found Ziemih's Weapon Shop.
  1532 | D:2      | Found Wisariurgh's General Store.
  1588 | D:2      | Found Fony's Jewellery Boutique.
  1894 | D:3      | You fall into a shaft and drop 1 floor!
  1956 | D:4      | Reached XP level 4. HP: 19/33 MP: 8/8
  2019 | D:3      | Found a faded altar of an unknown god.
  2269 | D:3      | Found a glowing drain.
  2283 | Sewer    | Entered a sewer
  2440 | Sewer    | Reached XP level 5. HP: 36/39 MP: 10/10
  2499 | Sewer    | Reached skill level 5 in Necromancy
  2936 | D:3      | Reached XP level 6. HP: 47/47 MP: 11/11
  3301 | D:3      | Found a burning altar of Makhleb.
  3737 | D:4      | Found a sparkling altar of Nemelex Xobeh.
  4052 | D:5      | Entered Level 5 of the Dungeon
  4145 | D:5      | Noticed an ice beast
  4155 | D:5      | Killed an ice beast
  4217 | D:5      | Reached XP level 7. HP: 54/54 MP: 13/13
  4280 | D:5      | Reached skill level 1 in Maces & Flails
  4356 | D:5      | Reached skill level 6 in Necromancy
  4421 | D:5      | Reached skill level 5 in Spellcasting
  4849 | D:5      | Reached XP level 8. HP: 48/60 MP: 15/15
  4976 | D:5      | Found a shimmering altar of Xom.
  5465 | D:6      | Reached skill level 7 in Necromancy
  5803 | D:6      | Found an opulent altar of Gozag.
  5820 | D:6      | Noticed a moth of wrath
  5823 | D:6      | Found a bloodstained altar of Trog.
  6083 | D:6      | Reached skill level 5 in Fighting
  6147 | D:6      | Noticed a komodo dragon
  6161 | D:6      | Killed a komodo dragon
  6162 | D:6      | Reached XP level 9. HP: 66/68 MP: 8/18
  6632 | D:7      | Found a staircase to the Ecumenical Temple.
  6739 | D:7      | Found a runed translucent door.
  6742 | D:7      | Noticed Verendum's ghost (novice OpMo)
  6814 | D:7      | Found a hide-covered altar of Uskayaw.
  6832 | D:7      | Reached skill level 8 in Necromancy
  6909 | Temple   | Entered the Ecumenical Temple
  6916 | Temple   | Became a worshipper of Kikubaaqudgha
  7059 | D:7      | Identified the +7 war axe "Reank" {pain, rN++ Will+ Str+3
                  | Dex-5}
  7202 | D:7      | Found a basalt altar of Yredelemnul.
  7775 | D:8      | Reached * piety under Kikubaaqudgha
  7775 | D:8      | Received a gift from Kikubaaqudgha
  7941 | D:8      | Noticed a two-headed ogre
  7953 | D:8      | Killed a two-headed ogre
  7954 | D:8      | Reached skill level 5 in Stealth
  7954 | D:8      | Reached skill level 9 in Necromancy
  8185 | D:8      | Reached XP level 10. HP: 69/76 MP: 20/20
  8938 | D:2      | Bought a ring of protection from fire for 275 gold pieces
  8949 | D:2      | Learned a level 4 spell: Animate Dead
  8952 | D:2      | Learned a level 2 spell: Cigotuvi's Dreadful Rot
  9394 | D:9      | Noticed a two-headed ogre
  9406 | D:9      | Killed a two-headed ogre
  9407 | D:9      | Reached skill level 10 in Necromancy
  9570 | D:9      | Found the +8 trident of the Octopus King {venom, rElec
                  | rPois}
  9667 | D:9      | Found a staircase to the Orcish Mines.
  9784 | D:9      | Noticed a sun demon
  9788 | D:9      | Reached skill level 1 in Evocations
 10108 | D:8      | Reached ** piety under Kikubaaqudgha
 10441 | D:10     | Entered Level 10 of the Dungeon
 10641 | D:10     | Found a radiant altar of Vehumet.
 10644 | D:10     | Found a stormy altar of Qazlal.
 10674 | D:10     | Found a staircase to the Lair.
 11212 | D:10     | Reached XP level 11. HP: 83/83 MP: 23/23
 11465 | D:10     | Reached skill level 5 in Dodging
 11811 | D:10     | Reached *** piety under Kikubaaqudgha
 11811 | D:10     | Received a gift from Kikubaaqudgha
 11817 | D:10     | Learned a level 4 spell: Anguish
 11822 | D:10     | Learned a level 4 spell: Dispel Undead
 11829 | D:10     | Learned a level 6 spell: Death Channel
 12232 | D:11     | Reached skill level 1 in Hexes
 12379 | D:11     | Noticed a two-headed ogre
 12389 | D:11     | Killed a two-headed ogre
 12649 | D:11     | Reached skill level 11 in Necromancy
 13009 | Lair:1   | Entered Level 1 of the Lair of Beasts
 13185 | Lair:1   | Noticed a spriggan rider
 13279 | Lair:1   | Reached **** piety under Kikubaaqudgha
 13323 | Lair:1   | Reached XP level 12. HP: 92/92 MP: 5/25
 13717 | Lair:1   | Noticed a boulder beetle
 13736 | Lair:1   | Killed a boulder beetle
 14286 | Lair:2   | Reached skill level 12 in Necromancy
 14290 | Lair:2   | Reached skill level 5 in Hexes
 14627 | Lair:2   | Reached skill level 1 in Armour
 14724 | Lair:2   | Found a staircase to the Snake Pit.
 15527 | Lair:3   | Found a staircase to the Swamp.
 15590 | Lair:3   | Noticed Amaemon
 15600 | Lair:3   | Killed Amaemon
 16156 | Lair:3   | Gained mutation: You are strongly in touch with the powers
                  | of death. [Mummy growth]
 16156 | Lair:3   | Reached XP level 13. HP: 99/99 MP: 21/26
 16410 | Lair:4   | Found a gate leading to a gauntlet.
 16451 | Gauntlet | Entered a Gauntlet
 16451 | Gauntlet | Found a transporter.
 16545 | Gauntlet | Found a transporter.
 16561 | Gauntlet | Found a transporter.
 16565 | Gauntlet | Found a transporter.
 16585 | Gauntlet | Found a transporter.
 16598 | Gauntlet | Found a transporter.
 16611 | Gauntlet | Found a transporter.
 16628 | Gauntlet | Found a transporter.
 16632 | Gauntlet | Found a transporter.
 16640 | Gauntlet | Found a transporter.
 16671 | Gauntlet | Found a transporter.
 16671 | Gauntlet | Found a transporter.
 16676 | Gauntlet | a four-headed hydra changed into a spark wasp
 16676 | Gauntlet | Noticed a spark wasp (glowing shapeshifter)
 16677 | Gauntlet | a spark wasp changed into an anaconda
 16745 | Gauntlet | Noticed a fenstrider witch
 16780 | Gauntlet | a great orb of eyes changed into an ettin
 16780 | Gauntlet | Noticed an ettin (glowing shapeshifter)
 17019 | Gauntlet | Identified the +0 pair of gloves of Resonance {rC+}
 17116 | Gauntlet | Noticed a minotaur
 17139 | Gauntlet | Noticed a bunyip
 17146 | Gauntlet | Killed a minotaur
 17147 | Gauntlet | Reached skill level 5 in Maces & Flails
 17189 | Gauntlet | Identified the +0 dire flail "Giantslayer" {drain, rN+}
 17353 | Lair:4   | Reached skill level 5 in Evocations
 17503 | Lair:4   | Found a staircase to the Slime Pits.
 17619 | Lair:4   | Reached skill level 13 in Necromancy
 17620 | Lair:4   | Reached skill level 10 in Spellcasting
 17815 | Lair:4   | Noticed a dire elephant
 17836 | Lair:4   | Killed a dire elephant
 18608 | D:7      | Killed Verendum's ghost
 18757 | D:2      | Bought a +4 ring of protection for 396 gold pieces
 18956 | Orc:1    | Entered Level 1 of the Orcish Mines
 19004 | Orc:1    | Noticed an orc warlord
 19020 | Orc:1    | Killed an orc warlord
 19124 | Orc:1    | HP: 3/101 [orc priest/divine providence (13)]
 19127 | Orc:1    | Killed from afar by an orc priest

Illustrated notes

Levels and vault maps discovered:
D:1:      minmay_arrival_floating_metal, layout_rooms, serial_rivers,
          chequers_serial_rivers_micro_b, chequers_serial_rivers_room_a,
          chequers_serial_rivers_micro_e, chequers_serial_rivers_micro_a,
          chequers_serial_rivers_small_b
D:2:      layout_basic, serial_shops, shop, nicolae_shop_hallway_plus, shop,
          shop, nicolae_shop_waterfront
D:3:      layout_basic, lightli_temple_of_fire,
          chequers_ecumenical_altar_simple, portal_sewer_entry_e
D:4:      layout_basic, kennysheep_little_box
D:5:      layout_gridville, xom_confusion_cloud, kennysheep_nondescript
D:6:      kennysheep_big_flooded_room, layout_loops_corners, tgw_trog,
          tso_altar, mainiacjoe_overflow_small_starburst,
          kennysheep_generic_room_6
D:7:      layout_loops_ring, nicolae_uskayaw_dance_hall,
          mainiacjoe_overflow_24_doors, minmay_temple_entry_drinking_statues,
          ebering_ghost_reflecting_pool
D:8:      layout_gridville
D:9:      layout_basic, david_orc_2
D:10:     layout_rooms, nicolae_qazlal_style_of_elements, fiery_altar_vehumet,
          erik_lair_island, serial_co_window_serial, co_window_corner_a,
          co_window_corner_a, co_window_of_opportunity_a, co_window_corner_a,
          co_window_paths_b, co_window_corner_a, co_window_paths_b,
          co_window_paths_a, co_window_paths_a, co_window_2corner,
          co_window_corner_cb, co_window_corner_cb, co_window_unsneaky_path_b,
          co_window_corner_b, co_window_broadway_b, glass_columns_a
D:11:     layout_irregular_city
Temple:   nicolae_temple_no_exploring_needed
Lair:1:   layout_small_grid, chequers_serial_rivers_micro_b,
          grunt_forest_large_clearings
Lair:2:   layout_hall_layers, minmay_snake_entry_six_corridors
Lair:3:   layout_gridlike, skrybe_swamp_entry_bodies, grunt_megastairs_5,
          infiniplex_staircase_pool, uniq_amaemon
Lair:4:   mu_elephants_graveyard, layout_cave_pods, slime_entry_1,
          gauntlet_entry_generic, hangedman_lair_unloving_vines
Orc:1:    orc_temple, layout_caves, kennysheep_orc_sif_temple

Skill      XL: |  1  2  3  4  5  6  7  8  9 10 11 12 13 |
---------------+----------------------------------------+-----
Fighting       | 1 2 3 4 5 6 8 9 |  9.3
Spellcasting   | 3 4 5 6 7 8 9 10 | 10.5
Dodging        | 2 3 4 6 7 |  7.1
Stealth        | 2 3 4 5 6 |  6.0
Necromancy     | 5 6 7 9 10 11 12 13 | 13.5
Maces & Flails | 2 3 4 5 |  5.5
Evocations     | 2 4 5 |  5.5
Hexes          | 3 6 7 |  7.4
Armour         | 2 3 |  3.5

Action                   |  1- 3 |  4- 6 |  7- 9 | 10-12 | 13-15 || total
-------------------------+-------+-------+-------+-------+-------++-------
Melee: Whip              |    44 |   202 |   333 |   612 |   217 ||  1408
       Punch             |       |       |     5 |     6 |     3 ||    14
Throw: Stone             |       |       |     3 |       |       ||     3
       Dart              |       |       |     5 |    10 |       ||    15
 Cast: Necrotise         |    62 |     1 |     2 |       |       ||    65
       Vampiric Draining |       |     1 |     8 |    45 |     1 ||    55
       Cigotuvi's Dreadf |       |       |       |     1 |       ||     1
       Anguish           |       |       |       |    50 |    33 ||    83
       Animate Dead      |       |       |       |     5 |     5 ||    10
       Death Channel     |       |       |       |     7 |     7 ||    14
       Dispel Undead     |       |       |       |       |     2 ||     2
Invok: Unearth Wretches  |       |       |       |     8 |     8 ||    16
Evoke: Wand              |       |       |       |    10 |     7 ||    17
  Use: Scroll            |     4 |     2 |     2 |     5 |     2 ||    15
 Stab: Sleeping          |       |     6 |     4 |     9 |     1 ||    20
       Distracted        |       |       |     2 |     5 |     4 ||    11
       Paralysed         |       |       |       |     1 |     2 ||     3
Armor: Robe              |    14 |   114 |    88 |    38 |       ||   254
       Troll leather arm |       |       |       |   134 |    66 ||   200
Dodge: Dodged            |    37 |   258 |   222 |   553 |   191 ||  1261
Block: Other             |       |       |       |   139 |    41 ||   180
       Reflection        |       |       |       |     2 |       ||     2

Table legend: (Time is in decaauts)
 A = Elapsed time spent in this place.
 B = Non-inter-level travel time spent in this place.
 C = Inter-level travel time spent in this place.
 D = Time resting spent in this place.
 E = Time spent auto-exploring this place.
 F = Levels seen in this place.
 G = Mean time per level.
                   A        B        C        D        E       F      G
               +--------+--------+--------+--------+--------+-----+--------+
         Total |  19101 |  17457 |   1644 |    849 |  12710 |  19 | 1005.3 |
       Dungeon |  12869 |  11420 |   1449 |    815 |   8329 |  11 | 1169.9 |
        Temple |     14 |      7 |      7 |      0 |      0 |   1 |   14.0 |
          Lair |   4647 |   4459 |    188 |      0 |   3600 |   4 | 1161.8 |
  Orcish Mines |    161 |    161 |      0 |      0 |      0 |   1 |  161.0 |
         Sewer |    609 |    609 |      0 |      0 |    391 |   1 |  609.0 |
      Gauntlet |    797 |    797 |      0 |     34 |    389 |   1 |  797.0 |
               +--------+--------+--------+--------+--------+-----+--------+

Top non-repeatable levels by time:
     D:8: 1504 daAuts
    D:10: 1483 daAuts
     D:6: 1428 daAuts
     D:9: 1295 daAuts
     D:5: 1289 daAuts
  Lair:4: 1249 daAuts
  Lair:2: 1193 daAuts
  Lair:1: 1192 daAuts
     D:1: 1154 daAuts
     D:7: 1059 daAuts
  Lair:3: 1012 daAuts
    D:11: 1001 daAuts
     D:2: 917 daAuts
     D:3: 909 daAuts
     D:4: 824 daAuts
